 Dungeon Crawl Stone Soup version 0.30-a0-292-g0f741e3f8e (webtiles) character file.

Game seed: 18254400671653485273

8 Flugkiller the Cutter (level 2, 20/22 HPs)
             Began as a Demonspawn Gladiator on Oct 17, 2022.
             Quit the game on level 1 of the Dungeon.
             The game lasted 00:00:16 (148 turns).

Flugkiller the Cutter (Demonspawn Gladiator)         Turns: 148, Time: 00:00:16

Health: 20/22      AC:  4    Str: 14    XL:     2   Next: 0%
Magic:  2/2        EV: 12    Int:  9    God:
Gold:   4          SH:  4    Dex: 14    Spells: 1/1 levels left

rFire   . . .      SeeInvis .    a - +0 rapier
rCold   . . .      Faith    .    (no shield)
rNeg    . . .      Spirit   .    b - +0 leather armour
rPois   .          Reflect  .    c - +0 helmet
rElec   .          Harm     .    (no cloak)
rCorr   .          Rampage  .    (no gloves)
Will    .....                    (no boots)
Stlth   +.........               (no amulet)
HPRegen 0.23/turn                (no ring)
MPRegen 0.08/turn                (no ring)

@: no status effects
A: large bone plates 1
a: no special abilities


You were on level 1 of the Dungeon.
You visited 1 branch of the dungeon, and saw 1 of its levels.

You collected 4 gold pieces.

Inventory:

Hand Weapons
 a - a +0 rapier (weapon)
Missiles
 d - 3 throwing nets (quivered)
 e - a javelin
Armour
 b - a +0 leather armour (worn)
 c - a +0 helmet (worn)


   Skills:
 - Level 2.0 Fighting
 + Level 3.2 Short Blades
 - Level 1.7 Throwing
 - Level 2.6 Dodging


You had one spell level left.
You didn't know any spells.
Your spell library contained the following spells:

 Spells                   Type           Power      Damage    Failure   Level
 Call Canine Familiar     Summ           0%         N/A       83%         3
 Portal Projectile        Hex/Tloc       0%         N/A       83%         3
 Leda's Liquefaction      Hex/Erth       0%         N/A       99%         4


Dungeon Overview and Level Annotations

Branches:
Dungeon (1/15) Zot: 5851

Altars:


Innate Abilities, Weirdness & Mutations

You are partially covered in large bone plates. (SH +4)


Message History

No target in view!
No target in view!
No target in view!
You see here a stone.
You pick up a book of the Hunter and begin reading...
You add the spells Call Canine Familiar, Portal Projectile and Leda's Liquefaction to your library.
You see here 2 stones.
You open the door.
There is an open door here.
A goblin comes into view. It is wielding a +0 dagger.
The goblin shouts!
A goblin is nearby!
The goblin misses you.
You hit the goblin.
You kill the goblin!
No target in view!
No target in view!
No target in view!
No target in view!
No target in view!
No target in view!
A rat comes into view.
A rat is nearby!
A rat is nearby!
Found a ring mail.
The rat barely misses you.
You hit the rat but do no damage. The rat closely misses you.
You barely miss the rat. The rat bites you but does no damage.
You hit the rat.
You kill the rat!
No target in view!
No target in view!
No target in view!
Found a stone staircase leading down.
A hobgoblin comes into view.
Found a whip.
The hobgoblin shouts!
A hobgoblin is nearby!
The hobgoblin barely misses you.
You hit the hobgoblin.
The hobgoblin is heavily wounded.
The hobgoblin hits you but does no damage.
You barely miss the hobgoblin.
The hobgoblin is heavily wounded.
The hobgoblin barely misses you.
You hit the hobgoblin but do no damage.
The hobgoblin is heavily wounded.
The hobgoblin misses you.
You hit the hobgoblin.
You kill the hobgoblin!
No target in view!
No target in view!
You now have 4 gold pieces.
A bat comes into view.
The bat moves out of view.
A bat is nearby!
You hit the bat.
You kill the bat!
Your Short Blades skill increases to level 3!
No target in view!
No target in view!
No target in view!
No target in view!
No target in view!
No target in view!
A quokka comes into view.
A quokka is nearby!
Found a stone staircase leading down.
You hit the quokka.
You kill the quokka!
No target in view!
No target in view!
No target in view!
No target in view!
No target in view!
No target in view!
No target in view!
You see here a quokka corpse.
A rat comes into view.
A rat is nearby!
A rat is nearby!
A quokka comes into view.
An endoplasm comes into view.
The endoplasm quivers.
The rat closely misses you.
You hit the rat.
You kill the rat!
Found a bubbling cyan potion and a glowing purple potion.
The endoplasm hits you.
You hit the endoplasm.
The endoplasm is almost dead.
The endoplasm misses you.
You hit the endoplasm.
You kill the endoplasm!
The quokka bites you. The quokka completely misses you.
You have reached level 2!
Your demonic ancestry asserts itself...
Large bone plates grow over parts of your arms.
You aren't carrying any potions.
Are you sure you want to abandon this character and quit the game? (Confirm with "yes".)

............
[.......... #!.
.....>.... # #.#
##.....### #..#.#
##......# .....
#.......# #.#.#
#.###...#
#.##.#.####### #.#
#...# #!...r.......#
..###.#.# #.#@#
#.....#.# #.#.####
##...#..######..†...#
....###.......##.##.#
###..#.#####...#.# ..
###...## #.#..... ..#
......# #....### ##
##.†..# ####.#
#..#### #.#


You could see a quokka.

Vanquished Creatures
  A bat (D:1)
  An endoplasm (D:1)
  A goblin (D:1)
  A hobgoblin (D:1)
  A quokka (D:1)
  2 rats (D:1)
7 creatures vanquished.

Notes
Turn   | Place    | Note
-------+----------+-------------------------------------------
     0 | D:1      | Flugkiller the Demonspawn Gladiator began the quest for the
                  | Orb.
     0 | D:1      | Reached XP level 1. HP: 16/16 MP: 1/1
   109 | D:1      | Reached skill level 3 in Short Blades
   148 | D:1      | Gained mutation: You are partially covered in large bone
                  | plates. (SH +4) [demonic ancestry]
   148 | D:1      | Reached XP level 2. HP: 20/22 MP: 2/2
   148 | D:1      | Quit the game

Illustrated notes

Levels and vault maps discovered:
D:1:      minmay_arrival_shattered_statue, layout_loops_cross, st_stairs_6

Skill      XL: |  1 |
---------------+----+-----
Short Blades   | 3 |  3.2
Fighting       | |  2.0
Throwing       | |  1.7
Dodging        | |  2.6

Action                   || total
-------------------------++-------
Melee: Rapier            ||    13
Armor: Leather armour    ||     2
Dodge: Dodged            ||     9

Table legend: (Time is in decaauts)
 A = Elapsed time spent in this place.
 B = Non-inter-level travel time spent in this place.
 C = Inter-level travel time spent in this place.
 D = Time resting spent in this place.
 E = Time spent auto-exploring this place.
 F = Levels seen in this place.
 G = Mean time per level.
                   A        B        C        D        E       F      G
               +--------+--------+--------+--------+--------+-----+--------+
         Total |    148 |    148 |      0 |      0 |    106 |   1 |  148.0 |
       Dungeon |    148 |    148 |      0 |      0 |    106 |   1 |  148.0 |
               +--------+--------+--------+--------+--------+-----+--------+

Top non-repeatable levels by time:
     D:1: 148 daAuts
